[ AOE2 MATCH · #495290221 ]
UnrankedPersians vs Slavs
Player's team · LOSS
Rival team · WIN
[ REPLAY ANALYSIS · EXTRACTED FROM THE RECORDED GAME ]
Feudal
9:45
Castle
23:54
Imperial
—
| APM avg | 19.5 |
| APM peak | 56 |
| eAPM avg | 12.6 |
| Villagers / military | 103 / 89 |
Focus
⚔️ 29.5% · 🌾 70.5%
Spearman ×45 · Camel Scout ×10 · Archer ×9 · Monk ×7 · Scout Cavalry ×6 · Militia ×5
Feudal
10:21
Castle
21:45
Imperial
—
| APM avg | 34.9 |
| APM peak | 94 |
| eAPM avg | 17.2 |
| Villagers / military | 57 / 102 |
Focus
⚔️ 38.6% · 🌾 61.4%
Boyar ×52 · Battering Ram ×31 · Scorpion ×8 · Monk ×5 · Skirmisher ×4 · Scout Cavalry ×2
Match map
Initial resources + every placement click. Lines = walls · curves = elevation contours. ◆ gold · ⬟ stone · ● berries · ✦ relic · ◌ wall gap
Your base· Open — opponent sealed themselves in
BMW_2GC's base· ✓ Closed at 21:45 · 88t walls · no gate
Smoothed initial terrain · ◌ = detected wall gap · hover for details
Inputs per minute
— Rodzenberg - - BMW_2GC
Build order — Rodzenberg
First 150 of 291 actions detected
| 0:01 | Create | Villager (Male) |
| 0:03 | Build | House |
| 0:04 | Build | House |
| 0:05 | Create | Villager (Male) |
| 0:06 | Create | Villager (Male) |
| 0:06 | Create | Villager (Male) |
| 0:06 | Create | Villager (Male) |
| 1:32 | Create | Villager (Male) |
| 1:32 | Create | Villager (Male) |
| 1:44 | Build | Lumber Camp |
| 1:58 | Create | Villager (Male) |
| 2:30 | Create | Villager (Male) |
| 2:30 | Create | Villager (Male) |
| 3:16 | Create | Villager (Male) |
| 3:16 | Create | Villager (Male) |
| 3:26 | Build | House |
| 3:29 | Build | Mill |
| 3:36 | Create | Villager (Male) |
| 3:37 | Create | Villager (Male) |
| 4:04 | Create | Villager (Male) |
| 4:05 | Create | Villager (Male) |
| 4:30 | Create | Villager (Male) |
| 4:30 | Create | Villager (Male) |
| 4:53 | Create | Villager (Male) |
| 4:54 | Create | Villager (Male) |
| 5:14 | Create | Villager (Male) |
| 5:14 | Create | Villager (Male) |
| 5:22 | Build | House |
| 5:33 | Build | Barracks |
| 5:43 | Create | Villager (Male) |
| 5:43 | Create | Villager (Male) |
| 5:45 | Research | Loom |
| 6:14 | Build | House |
| 6:45 | Build | Mining Camp |
| 7:09 | Build | Palisade Wall |
| 7:41 | Research | Feudal Age |
| 8:20 | Build | House |
| 9:17 | Create | Militia |
| 9:17 | Create | Militia |
| 9:18 | Create | Militia |
| 9:45 | Age | Feudal Age |
| 9:50 | Create | Villager (Male) |
| 9:50 | Create | Villager (Male) |
| 9:57 | Research | Man-at-Arms (upgrade) |
| 10:10 | Build | Watch Tower |
| 10:19 | Create | Villager (Male) |
| 10:19 | Create | Villager (Male) |
| 10:24 | Build | Archery Range |
| 10:53 | Create | Villager (Male) |
| 11:12 | Create | Militia |
| 11:12 | Create | Militia |
| 11:33 | Build | Mill |
| 11:34 | Create | Archer |
| 11:35 | Create | Archer |
| 11:35 | Create | Archer |
| 11:44 | Build | Farm |
| 11:53 | Create | Villager (Male) |
| 11:53 | Create | Villager (Male) |
| 11:55 | Create | Villager (Male) |
| 11:59 | Create | Archer |
| 12:11 | Build | Farm |
| 12:11 | Build | Farm |
| 12:12 | Build | Farm |
| 12:12 | Build | Farm |
| 12:36 | Build | Farm |
| 12:39 | Create | Villager (Male) |
| 12:45 | Build | House |
| 13:03 | Create | Archer |
| 13:16 | Create | Villager (Male) |
| 13:37 | Create | Spearman |
| 13:45 | Build | Farm |
| 14:10 | Build | Palisade Gate |
| 14:19 | Research | Arson |
| 14:22 | Create | Archer |
| 14:23 | Create | Archer |
| 14:30 | Create | Spearman |
| 14:42 | Build | Stone Wall |
| 15:13 | Build | Palisade Wall |
| 15:19 | Create | Archer |
| 15:20 | Create | Archer |
| 15:32 | Build | House |
| 15:45 | Build | House |
| 15:47 | Build | House |
| 16:00 | Research | Double-Bit Axe |
| 16:48 | Build | Market |
| 16:52 | Create | Villager (Male) |
| 17:15 | Research | Wheelbarrow |
| 17:20 | Create | Spearman |
| 17:46 | Build | House |
| 17:50 | Build | Farm |
| 17:52 | Create | Villager (Male) |
| 17:52 | Create | Villager (Male) |
| 19:11 | Build | Stable |
| 19:32 | Create | Villager (Male) |
| 19:32 | Create | Villager (Male) |
| 20:06 | Create | Villager (Male) |
| 20:07 | Research | Horse Collar |
| 20:17 | Build | Stone Wall |
| 20:32 | Create | Villager (Male) |
| 20:35 | Build | House |
| 20:37 | Build | Blacksmith |
| 20:45 | Create | Villager (Male) |
| 20:55 | Build | Farm |
| 20:57 | Build | Farm |
| 20:59 | Build | Farm |
| 21:01 | Build | Farm |
| 21:17 | Build | Farm |
| 21:28 | Research | Castle Age |
| 22:01 | Create | Spearman |
| 22:04 | Create | Scout Cavalry |
| 22:15 | Build | Palisade Wall |
| 22:26 | Build | Farm |
| 22:28 | Create | Spearman |
| 22:33 | Build | Farm |
| 22:47 | Research | Forging |
| 23:17 | Build | House |
| 23:28 | Research | Bloodlines |
| 23:54 | Age | Castle Age |
| 23:55 | Build | Palisade Wall |
| 23:59 | Create | Villager (Male) |
| 24:00 | Create | Villager (Male) |
| 24:06 | Build | Town Center |
| 24:13 | Create | Camel Scout |
| 24:13 | Create | Camel Scout |
| 24:31 | Create | Villager (Male) |
| 24:49 | Create | Spearman |
| 24:49 | Create | Spearman |
| 24:56 | Research | Town Watch |
| 25:01 | Build | House |
| 25:29 | Create | Villager (Male) |
| 25:29 | Create | Villager (Male) |
| 25:53 | Create | Villager (Male) |
| 25:54 | Create | Villager (Male) |
| 25:54 | Create | Villager (Male) |
| 25:58 | Build | House |
| 26:12 | Build | House |
| 26:15 | Create | Villager (Male) |
| 26:16 | Create | Villager (Male) |
| 26:33 | Create | Villager (Male) |
| 26:33 | Create | Villager (Male) |
| 26:33 | Create | Villager (Male) |
| 26:40 | Build | Monastery |
| 27:03 | Create | Scout Cavalry |
| 27:03 | Create | Scout Cavalry |
| 27:44 | Build | Castle |
| 27:55 | Build | House |
| 28:05 | Build | House |
| 28:08 | Create | Villager (Male) |
| 28:09 | Create | Villager (Male) |
| 28:09 | Create | Villager (Male) |
Build order — BMW_2GC
First 150 of 251 actions detected
| 0:01 | Create | Villager (Male) |
| 0:02 | Create | Villager (Male) |
| 0:02 | Create | Villager (Male) |
| 0:04 | Build | House |
| 0:06 | Build | House |
| 0:59 | Create | Villager (Male) |
| 0:59 | Create | Villager (Male) |
| 1:33 | Create | Villager (Male) |
| 1:34 | Create | Villager (Male) |
| 2:08 | Create | Villager (Male) |
| 2:32 | Create | Villager (Male) |
| 2:32 | Create | Villager (Male) |
| 2:59 | Create | Villager (Male) |
| 2:59 | Create | Villager (Male) |
| 3:04 | Build | Lumber Camp |
| 3:26 | Create | Villager (Male) |
| 3:26 | Create | Villager (Male) |
| 3:35 | Build | House |
| 3:38 | Build | House |
| 3:55 | Create | Villager (Male) |
| 3:55 | Create | Villager (Male) |
| 4:35 | Create | Villager (Male) |
| 4:35 | Create | Villager (Male) |
| 4:44 | Build | Palisade Wall |
| 5:24 | Build | Mill |
| 5:37 | Create | Villager (Male) |
| 5:37 | Create | Villager (Male) |
| 5:59 | Create | Villager (Male) |
| 5:59 | Create | Villager (Male) |
| 6:00 | Create | Villager (Male) |
| 6:00 | Create | Villager (Male) |
| 6:24 | Build | Palisade Wall |
| 6:32 | Research | Loom |
| 6:44 | Build | Palisade Wall |
| 6:47 | Build | Palisade Wall |
| 7:06 | Build | Palisade Wall |
| 7:08 | Build | Palisade Wall |
| 8:11 | Research | Feudal Age |
| 8:24 | Build | Palisade Wall |
| 9:14 | Build | Barracks |
| 9:56 | Build | Palisade Gate |
| 10:21 | Age | Feudal Age |
| 10:32 | Build | Stable |
| 11:43 | Create | Villager (Male) |
| 11:43 | Create | Villager (Male) |
| 11:44 | Create | Villager (Male) |
| 12:05 | Build | Farm |
| 12:08 | Research | Horse Collar |
| 12:21 | Build | House |
| 12:22 | Build | House |
| 12:29 | Build | Farm |
| 12:30 | Build | Farm |
| 12:37 | Build | Farm |
| 12:39 | Build | Farm |
| 12:57 | Create | Scout Cavalry |
| 13:04 | Build | Farm |
| 13:08 | Create | Villager (Male) |
| 13:20 | Create | Villager (Male) |
| 13:39 | Build | House |
| 13:41 | Build | Blacksmith |
| 13:43 | Create | Villager (Male) |
| 13:49 | Create | Scout Cavalry |
| 14:38 | Create | Villager (Male) |
| 15:18 | Build | Mining Camp |
| 15:33 | Build | Archery Range |
| 15:42 | Create | Villager (Male) |
| 15:42 | Create | Villager (Male) |
| 15:54 | Create | Villager (Male) |
| 16:20 | Create | Skirmisher |
| 16:21 | Create | Skirmisher |
| 16:21 | Create | Skirmisher |
| 16:21 | Create | Skirmisher |
| 17:18 | Create | Villager (Male) |
| 17:22 | Build | Mining Camp |
| 17:27 | Build | Farm |
| 18:44 | Build | House |
| 19:05 | Research | Castle Age |
| 19:41 | Build | Stable |
| 20:26 | Build | Stable |
| 20:31 | Build | House |
| 20:49 | Research | Double-Bit Axe |
| 21:03 | Research | Gold Mining |
| 21:41 | Build | House |
| 21:45 | Age | Castle Age |
| 21:53 | Research | Bloodlines |
| 21:55 | Create | Villager (Male) |
| 21:56 | Create | Villager (Male) |
| 22:28 | Build | Monastery |
| 22:29 | Create | Villager (Male) |
| 23:04 | Create | Villager (Male) |
| 23:10 | Build | Farm |
| 23:29 | Create | Monk |
| 23:37 | Build | Castle |
| 23:46 | Create | Monk |
| 23:50 | Create | Villager (Male) |
| 23:50 | Create | Villager (Male) |
| 24:17 | Build | Town Center |
| 24:33 | Create | Monk |
| 24:33 | Create | Monk |
| 24:35 | Create | Villager (Male) |
| 24:36 | Create | Villager (Male) |
| 24:36 | Create | Villager (Male) |
| 25:09 | Research | Sanctity |
| 25:12 | Create | Villager (Male) |
| 25:12 | Create | Villager (Male) |
| 25:27 | Build | Farm |
| 25:28 | Build | Farm |
| 25:29 | Build | Farm |
| 25:31 | Build | Farm |
| 25:31 | Build | Farm |
| 25:34 | Build | Farm |
| 25:38 | Build | Farm |
| 25:39 | Build | Farm |
| 25:39 | Build | Farm |
| 25:50 | Create | Boyar |
| 25:50 | Create | Boyar |
| 26:15 | Build | Farm |
| 26:19 | Build | House |
| 26:35 | Create | Boyar |
| 26:35 | Create | Boyar |
| 26:35 | Create | Boyar |
| 26:42 | Build | Lumber Camp |
| 27:18 | Build | House |
| 27:23 | Build | House |
| 27:31 | Create | Boyar |
| 27:32 | Create | Boyar |
| 27:32 | Create | Boyar |
| 27:39 | Research | Scale Barding Armor |
| 27:40 | Research | Scale Barding Armor |
| 27:42 | Create | Villager (Male) |
| 27:55 | Build | House |
| 28:08 | Build | Palisade Gate |
| 28:38 | Create | Boyar |
| 28:38 | Create | Boyar |
| 28:38 | Create | Boyar |
| 28:45 | Build | Siege Workshop |
| 29:00 | Build | Lumber Camp |
| 30:14 | Create | Battering Ram |
| 30:15 | Create | Battering Ram |
| 30:20 | Research | Forging |
| 30:20 | Research | Forging |
| 30:21 | Create | Boyar |
| 30:21 | Create | Boyar |
| 30:56 | Create | Battering Ram |
| 30:57 | Create | Battering Ram |
| 31:00 | Create | Boyar |
| 31:00 | Create | Boyar |
| 31:30 | Create | Villager (Male) |
| 31:30 | Create | Villager (Male) |
| 31:38 | Build | Farm |
Match timeline
| 4:44 | BMW_2GC · wall_segment Palisade Wall x10 |
| 5:33 | Rodzenberg · first_building Barracks |
| 6:24 | BMW_2GC · wall_segment Palisade Wall x35 |
| 6:44 | BMW_2GC · wall_segment Palisade Wall x2 |
| 6:47 | BMW_2GC · wall_segment Palisade Wall x15 |
| 7:06 | BMW_2GC · wall_segment Palisade Wall x4 |
| 7:08 | BMW_2GC · wall_segment Palisade Wall x5 |
| 7:09 | Rodzenberg · wall_segment Palisade Wall x8 |
| 8:24 | BMW_2GC · wall_segment Palisade Wall x20 |
| 9:14 | BMW_2GC · first_building Barracks |
| 9:45 | Rodzenberg · age_up feudal |
| 10:21 | BMW_2GC · age_up feudal |
| 10:24 | Rodzenberg · first_building Archery Range |
| 10:32 | BMW_2GC · first_building Stable |
| 14:42 | Rodzenberg · wall_segment Stone Wall x15 |
| 15:13 | Rodzenberg · wall_segment Palisade Wall x12 |
| 15:33 | BMW_2GC · first_building Archery Range |
| 19:11 | Rodzenberg · first_building Stable |
| 20:17 | Rodzenberg · wall_segment Stone Wall x5 |
| 20:28 | Rodzenberg · first_market_buy 500 food |
| 21:45 | BMW_2GC · age_up castle |
| 22:15 | Rodzenberg · wall_segment Palisade Wall x14 |
| 22:28 | BMW_2GC · first_building Monastery |
| 23:37 | BMW_2GC · first_building Castle |
| 23:54 | Rodzenberg · age_up castle |
| 23:55 | Rodzenberg · wall_segment Palisade Wall x8 |
| 25:49 | Rodzenberg · first_market_sell 500 wood |
| 26:40 | Rodzenberg · first_building Monastery |
| 27:44 | Rodzenberg · first_building Castle |
| 28:39 | Rodzenberg · first_building Siege Workshop |
| 28:45 | BMW_2GC · first_building Siege Workshop |
| 32:52 | Rodzenberg · wall_segment Stone Wall x7 |
| 50:12 | Rodzenberg · resign |
[ AI ANALYSIS · 1 CREDIT ]
What really happened in this match?
Wolo.gg analyzes every decision: build order, eco, micro, common mistakes by bracket. Personalized analysis on WhatsApp or Discord in 30 seconds.
Civ guide
Persians
Perfil
Rodzenberg